 Dungeon Crawl Stone Soup version 0.24.0-13-gcf9b319 (webtiles) character file.

Game seed: 17466220213874624749, levelgen mode: deterministic

128 Bronimir the Poker (level 4, -6/37 HPs)
             Began as a Centaur Gladiator on Apr 25, 2020.
             Mangled by Natasha (7 damage)
             ... on level 2 of the Dungeon.
             The game lasted 00:04:06 (1793 turns).

Bronimir the Poker (Centaur Gladiator)              Turns: 1793, Time: 00:04:08

Health: -6/37      AC:  0    Str: 15 (17) XL:     4   Next: 87%
Magic:  4/4        EV: 20    Int:  4 (7)  God:
Gold:   139        SH:  0    Dex: 13 (16) Spells: 3/3 levels left

rFire    . . .     SeeInvis .   (weapon currently unavailable)
rCold    . . .     Gourm    .   (shield currently unavailable)
rNeg     . . .     Faith    .   (armour currently unavailable)
rPois    .         Spirit   .   (helmet currently unavailable)
rElec    .         Reflect  .   (cloak currently unavailable)
rCorr    .         Harm     .   (gloves currently unavailable)
MR       .....                  (no barding)
Stlth    +.........             (no amulet)
HPRegen  0.12/turn              (ring currently unavailable)
MPRegen  0.09/turn              (ring currently unavailable)

@: about to teleport, bat-form (expiring), flying, slowed, quick
A: tiny
a: no special abilities


You were on level 2 of the Dungeon.
You were not hungry.
You were in bat-form.
You visited 1 branch of the dungeon, and saw 2 of its levels.

You collected 139 gold pieces.

Inventory:

Hand Weapons
 a - a +0 trident (melded)
Missiles
 d - 3 throwing nets (quivered)
 g - 34 bolts
 n - 13 arrows
 p - 83 stones
Armour
 b - a +0 leather armour
 c - a +0 helmet
 h - a +0 ring mail (melded)
 i - a +0 helmet (melded)
Jewellery
 q - a cursed ring of attention (melded)
Scrolls
 e - a scroll of amnesia
 m - a scroll of enchant armour {unknown}
 o - 3 scrolls of identify
Comestibles
 f - 3 rations


   Skills:
 * Level 2.3 Fighting
 * Level 3.9 Polearms
 + Level 2.2 Throwing
 * Level 1.4 Armour
 * Level 2.8 Dodging


You had 3 spell levels left.
You didn't know any spells.
Your spell library was empty.

Dungeon Overview and Level Annotations

Branches:
Dungeon (2/15)

Altars:
Elyvilon

Annotations:
D:2 Natasha


Innate Abilities, Weirdness & Mutations

((You have hooves in place of feet.))
((Armour fits poorly on your strangely shaped body.))
((You cover ground very quickly.))
((You have extremely tough skin. (AC +3)))


Message History

The crimson imp misses you. Natasha claws you!
* * * LOW HITPOINT WARNING * * *
You barely miss Natasha.
Natasha is almost dead.
The crimson imp misses you. Natasha barely misses you.
The crimson imp blinks! x2
Natasha mumbles some strange words.
It was a potion of degeneration.
There was something very wrong with that liquid.
You feel weakened.
You feel dopey.
You feel clumsy. The crimson imp barely misses you.
Natasha wildly gestures.
You feel troubled. Natasha barely misses you.
As you read the scroll of teleportation, it crumbles to dust.
You feel strangely unstable. The crimson imp hits you.
* * * LOW HITPOINT WARNING * * *
Natasha extends her claws.
Natasha closely misses you. The crimson imp barely misses you.
Natasha claws you!
You die...

...##.##.......### *,,,,,,,,,,,,
.....÷.'.........# ******,****,*
...##..#.......#.# *,**,,,*
...##..#.......#.# *,,,,,,,
*,**#..........#.#########.**,***
,......†##'#.###.#.........**,***
,........#.#.# #.#.........,,,,,,
,......#.#.#.# #5#.........**,***
,......#.#.#.# #b#.........,,,,,*
,......*,#.#.# #h#.†.......**,*,*
,......*,..#.###w#%.....w..**,,,,
,,,,,,,,,.......5(.....h..5,,,,,,
,,,,,,,**..#.###.#.........****,*
,,,,,,,***>,,,.?.####.###..****,*
,,,,,,,* ***,###.# *.# *,5,,,,,,
*****,** *,* #.#***.# *,,,,,,,*
*,******,* #..,,*,# *,,****,*


You could see a worm, Natasha, a crimson imp and a shadow imp.

Vanquished Creatures
  Natasha (twice) (D:2)
  Robin (D:2)
  An adder (D:2)
  A dart slug (D:1)
  5 bats
  14 goblins
  12 hobgoblins
  2 jackals (D:1)
  3 ball pythons
  3 frilled lizards
  3 kobolds
  5 rats
52 creatures vanquished.

Vanquished Creatures (others)
  A goblin (D:2)
1 creature vanquished.

Grand Total: 53 creatures vanquished

Notes
Turn   | Place    | Note
-------+----------+-------------------------------------------
     0 | D:1      | Bronimir the Centaur Gladiator began the quest for the Orb.
     0 | D:1      | Reached XP level 1. HP: 17/17 MP: 1/1
    54 | D:1      | Reached XP level 2. HP: 20/24 MP: 2/2
   491 | D:1      | Reached skill level 3 in Polearms
   610 | D:1      | Reached XP level 3. HP: 29/29 MP: 3/3
   923 | D:2      | Noticed Robin
   938 | D:2      | Found a white marble altar of Elyvilon.
  1187 | D:2      | Killed Robin
  1187 | D:2      | Reached skill level 1 in Armour
  1446 | D:2      | Noticed Natasha
  1454 | D:2      | Killed Natasha
  1454 | D:2      | Reached XP level 4. HP: 30/36 MP: 4/4
  1518 | D:2      | Noticed Natasha
  1531 | D:2      | Killed Natasha
  1749 | D:2      | Noticed Natasha
  1793 | D:2      | HP: 1/37 [crimson imp[Natasha] (4)]
  1793 | D:2      | Mangled by Natasha

Levels and vault maps discovered:
D:1:      sevenhm_arrival_forest_fort_small_6, layout_basic, st_stairs_14
D:2:      layout_basic, first_ration, elyvilon_altar_4, uniq_robin,
          uniq_terence, uniq_natasha

Skill      XL: |  1  2  3 |
---------------+----------+-----
Polearms       | 3 |  3.9
Armour         | 1 |  1.4
Fighting       | |  2.3
Throwing       | |  2.2
Dodging        | |  2.8

Action                   |  1- 3 |  4- 6 || total
-------------------------+-------+-------++-------
Melee: Trident           |   137 |    35 ||   172
       Kick              |    15 |     6 ||    21
       Unarmed           |       |    19 ||    19
  Use: Scroll            |     6 |     1 ||     7
       Potion            |       |     1 ||     1
  Eat: Chunk             |     1 |     1 ||     2
Armor: Leather armour    |     9 |       ||     9
       Ring mail         |    46 |    14 ||    60
Dodge: Dodged            |    52 |    38 ||    90
